 Dungeon Crawl Stone Soup version 0.29.1-4-g47bece8355 (webtiles) character file.

Game seed: 12671795350755030040

2 ChadusMaximus the Caller (level 1, 0/13 HPs)
             Began as a Human Summoner on Dec 8, 2022.
             Slain by a giant cockroach (2 damage)
             ... on level 1 of the Dungeon.
             The game lasted 00:00:22 (203 turns).

ChadusMaximus the Caller (Human Summoner)            Turns: 203, Time: 00:00:22

Health: 0/13       AC:  2    Str:  8    XL:     1   Next: 44%
Magic:  1/3        EV: 12    Int: 15    God:
Gold:   9          SH:  0    Dex: 13    Spells: 3/4 levels left

rFire   . . .      SeeInvis .   (no weapon)
rCold   . . .      Faith    .   (no shield)
rNeg    . . .      Spirit   .   a - +0 robe
rPois   .          Reflect  .   (no helmet)
rElec   .          Harm     .   (no cloak)
rCorr   .          Rampage  .   (no gloves)
Will    .....                   (no boots)
Stlth   ++........              (no amulet)
HPRegen 0.04/turn               (no ring)
MPRegen 0.08/turn               (no ring)

@: no status effects
A: no striking features
a: no special abilities


You were on level 1 of the Dungeon.
You visited 1 branch of the dungeon, and saw 1 of its levels.

You collected 9 gold pieces.

Inventory:

Armour
 a - a +0 robe (worn)
Scrolls
 c - a scroll of immolation {unknown}
Potions
 b - a potion of magic


   Skills:
 + Level 2.0 Dodging
 + Level 2.0 Stealth
 + Level 2.0 Spellcasting
 + Level 4.0 Summonings


You had 3 spell levels left.
You knew the following spells:

 Your Spells              Type           Power      Damage    Failure   Level
a - Summon Small Mammal   Summ           52%        N/A       4%          1

Your spell library contained the following spells:

 Spells                   Type           Power      Damage    Failure   Level
 Call Imp                 Summ           13%        N/A       6%          2
 Call Canine Familiar     Summ           13%        N/A       13%         3
 Summon Guardian Golem    Hex/Summ       7%         N/A       28%         3
 Summon Lightning Spire   Summ/Air       7%         N/A       67%         4


Dungeon Overview and Level Annotations

Branches:
Dungeon (1/15)

Altars:


Message History

Your bat closely misses the giant cockroach.
The giant cockroach bites you.
Your bat hits the giant cockroach but does no damage.
The giant cockroach bites you but does no damage.
Your bat hits the giant cockroach but does no damage.
The giant cockroach closely misses you.
Your bat hits the giant cockroach but does no damage.
Your bat barely misses the giant cockroach.
The giant cockroach closely misses you.
Your bat barely misses the giant cockroach. x2
The giant cockroach bites you but does no damage.
Your bat hits the giant cockroach.
Your bat hits the giant cockroach but does no damage.
The giant cockroach attacks as you move away!
The giant cockroach barely misses you.
Your bat barely misses the giant cockroach.
Your bat hits the giant cockroach.
Your bat completely misses the giant cockroach.
Your bat barely misses the giant cockroach.
Your bat hits the giant cockroach but does no damage.
The giant cockroach bites you.
* * * LOW HITPOINT WARNING * * *
The giant cockroach attacks as you move away!
The giant cockroach barely misses you.
Your bat hits the giant cockroach but does no damage.
Your bat disappears in a puff of smoke!
Your bat closely misses the giant cockroach.
Your bat disappears in a puff of smoke!
The giant cockroach bites you.
* * * LOW HITPOINT WARNING * * *
Casting: Summon Small Mammal (safe; 4% risk of failure)
Confirm with . or Enter, or press ? or * to list all spells.
The giant cockroach bites you but does no damage. x2
Casting: Summon Small Mammal (safe; 4% risk of failure)
Confirm with . or Enter, or press ? or * to list all spells.
The giant cockroach misses you.
Your rat barely misses the giant cockroach.
The giant cockroach attacks as you move away!
The giant cockroach bites you.
You die...

#.#
#..##†.........
#.#
#.........####
#.# ##.####.###
... #.####.#
... #.....†##
#####...##
##..!..##
##.......## .
#........@#
....+.......rB+
#....?......r#
...#.........##
..# #.#......##
# #.#.#...##
######.## #.#
..#


You could see a giant cockroach (ally target), a friendly quokka (summoned) and
a friendly rat (summoned).

Vanquished Creatures (collateral kills)
  A ball python (D:1)
  A bat (D:1)
  A rat (D:1)
3 creatures vanquished.

Notes
Turn   | Place    | Note
-------+----------+-------------------------------------------
     0 | D:1      | ChadusMaximus the Human Summoner began the quest for the
                  | Orb.
     0 | D:1      | Reached XP level 1. HP: 13/13 MP: 3/3
   203 | D:1      | Slain by a giant cockroach

Illustrated notes

Levels and vault maps discovered:
D:1:      lemuel_arrival_river_bridge, layout_loops_corners,
          shapermc_ecumenical_altar_mp_urbaneastern, st_stairs_8,
          minmay_misc_feat_enclosed, minmay_worlds_worst_comb

Action                   || total
-------------------------++-------
Melee: Unarmed           ||    14
 Cast: Summon Small Mamm ||     7
Armor: Robe              ||    14
Dodge: Dodged            ||    40
